 Dungeon Crawl Stone Soup version 0.28.0 (webtiles) character file.

Game seed: 9731721152514191889

3601 browni3141 the Fighter (level 9, -5/83 HPs)
             Began as a Minotaur Berserker on Feb 15, 2022.
             Was a Priest of Trog.
             Slain by Harold (19 damage)
             ... on level 7 of the Dungeon.
             The game lasted 00:03:20 (6643 turns).

browni3141 the Fighter (Minotaur Berserker)         Turns: 6643, Time: 00:03:21

Health: -5/83      AC: 11    Str: 22    XL:     9   Next: 85%
Magic:  8/8        EV: 15    Int:  4    God:    Trog [***...]
Gold:   237        SH:  0    Dex: 14    Spells: 8/8 levels left

rFire   . . .      SeeInvis .   l - +0 war axe
rCold   . . .      Faith    .   (no shield)
rNeg    . . .      Spirit   .   p - +0 chain mail
rPois   .          Reflect  .   (helmet restricted)
rElec   .          Harm     .   (no cloak)
rCorr   .          Rampage  .   (no gloves)
Will    .....                   (no boots)
Stlth   ..........              (no amulet)
HPRegen 0.23/turn               h - +4 ring of evasion
MPRegen 0.11/turn               (no ring)

@: marked, on berserk cooldown, slowed, very slow
A: horns 2, retaliatory headbutt
a: Renounce Religion, Berserk, Trog's Hand


You were on level 7 of the Dungeon.
You worshipped Trog.
Trog was most pleased with you.
You visited 1 branch of the dungeon, and saw 7 of its levels.

You collected 237 gold pieces.

Inventory:

Hand Weapons
 a - a +0 hand axe
 l - a +0 war axe (weapon)
Armour
 b - a +0 animal skin
 f - a +0 scale mail
 p - a +0 chain mail (worn)
Jewellery
 h - a +4 ring of evasion (left hand)
 w - a ring of protection from cold
Wands
 r - a wand of iceblast (6)
 x - a wand of digging (2)
Scrolls
 c - 9 scrolls of identify {unknown}
 d - a scroll of immolation {unknown}
 i - 3 scrolls of magic mapping {unknown}
 n - 2 scrolls of blinking {unknown}
 o - a scroll of noise {unknown}
 s - a scroll of teleportation {unknown}
 t - a scroll of enchant armour {unknown}
 u - a scroll of enchant weapon {unknown}
Potions
 e - 2 potions of might {unknown}
 g - a potion of degeneration {unknown}
 j - 4 potions of attraction {unknown}
 k - 3 potions of lignification {unknown}
 m - a potion of curing {unknown}
 q - a potion of resistance {unknown}
 v - a potion of cancellation {unknown}


   Skills:
 + Level 9.2 Fighting
 + Level 9.2 Axes
 + Level 8.8 Armour
 + Level 8.1 Dodging


You had 8 spell levels left.
You didn't know any spells.
Your spell library was empty.

Dungeon Overview and Level Annotations

Branches:
Dungeon (7/15)             Temple (0/1) D:4

Altars:
Nemelex Xobeh
Wu Jian

Annotations:
D:7 Harold


Innate Abilities, Weirdness & Mutations

You have a pair of horns on your head.
You reflexively headbutt those who attack you in melee.


Message History

You slash Harold!
Harold is lightly wounded.
You closely miss the bullfrog.
You are no longer berserk.
You are exhausted.
You feel yourself slow down.
The bullfrog hits you but does no damage.
You hit the bullfrog. Your headbutt misses the bullfrog.
The bullfrog is severely wounded.
You hit Harold but do no damage. The bullfrog misses you.
Harold hits you with a +0 scimitar!
The bullfrog hits you but does no damage.
Harold closely misses you.
You hit Harold but do no damage. You headbutt Harold.
Harold is lightly wounded.
You slash the bullfrog!
You kill the bullfrog!
Trog accepts your kill. Harold hits you with a +0 scimitar!
You hit Harold.
Harold is lightly wounded.
Harold hits you with a +0 scimitar! Harold casts a spell at you.
The mark upon you grows brighter.
You slash Harold!
Harold is moderately wounded.
Harold hits you with a +0 scimitar.
You slice Harold!! Your headbutt misses Harold.
Harold is heavily wounded.
Harold closely misses you. Harold hits you with a +0 scimitar!
* * * LOW HITPOINT WARNING * * *
You hit Harold. Your headbutt misses Harold.
Harold is heavily wounded.
Harold hits you with a +0 scimitar!
* * * LOW HITPOINT WARNING * * *
You are too injured to fight recklessly!
You slash Harold! Your headbutt misses Harold.
Harold is severely wounded.
Harold hits you with a +0 scimitar!!
You die...

######
######.....#
#....@@....+
#.####.....#
#####'### .....#
#.......# .....#
#.......# .......
+.......# .......
#.......# ###....
#.###'#######....
#...........+


You could see Harold.

Vanquished Creatures
  Maggie (D:6)
  Prince Ribbit (D:6)
  Eustachio (D:6)
  Menkaure (D:5)
  2 water moccasins
  Duvessa (D:7)
  A sky beast (D:5)
  5 ice beasts
  4 black bears
  2 ogres
  A necrophage (D:5)
  A centaur (D:5)
  Blork the orc (D:5)
  2 bullfrogs (D:7)
  6 scorpions
  A wyvern skeleton (D:6)
  Dowan (D:7)
  A centaur zombie (D:7)
  2 centaur skeletons (D:7)
  3 hounds
  A bullfrog skeleton (D:6)
  3 iguanas
  A gnoll shaman (D:4)
  A killer bee zombie (D:5)
  A hound skeleton (D:5)
  A howler monkey zombie (D:6)
  7 gnolls
  A howler monkey skeleton (D:4)
  9 adders
  2 white imps (D:6)
  2 worms
  13 dart slugs
  3 orcs (D:4)
  5 endoplasms
  8 giant cockroaches
  6 goblins
  4 hobgoblins
  A quokka (D:2)
  10 ball pythons
  7 bats
  A frilled lizard (D:1)
  9 kobolds
  3 rats
137 creatures vanquished.

Notes
Turn   | Place    | Note
-------+----------+-------------------------------------------
     0 | D:1      | browni3141 the Minotaur Berserker began the quest for the
                  | Orb.
     0 | D:1      | Reached XP level 1. HP: 19/19 MP: 0/0
    44 | D:1      | Found a faded altar of an unknown god.
   299 | D:1      | Reached XP level 2. HP: 22/27 MP: 1/1
   831 | D:1      | Reached XP level 3. HP: 33/33 MP: 2/2
   839 | D:1      | Reached ** piety under Trog
  1181 | D:2      | Reached XP level 4. HP: 37/41 MP: 3/3
  1236 | D:2      | Noticed an ogre
  1243 | D:2      | Killed an ogre
  1244 | D:2      | Reached XP level 5. HP: 36/47 MP: 4/4
  2182 | D:3      | Found an ornate altar of the Wu Jian Council.
  2211 | D:3      | Found a sparkling altar of Nemelex Xobeh.
  2458 | D:4      | Noticed a black bear
  2463 | D:4      | Killed a black bear
  2464 | D:4      | Reached skill level 5 in Fighting
  2464 | D:4      | Reached skill level 5 in Axes
  2464 | D:4      | Reached XP level 6. HP: 56/56 MP: 5/5
  2664 | D:4      | Found a staircase to the Ecumenical Temple.
  2852 | D:5      | Entered Level 5 of the Dungeon
  2868 | D:5      | Reached skill level 5 in Armour
  2868 | D:5      | Reached XP level 7. HP: 58/62 MP: 6/6
  2905 | D:5      | Reached *** piety under Trog
  3044 | D:5      | Reached skill level 5 in Dodging
  3281 | D:5      | Reached XP level 8. HP: 26/71 MP: 7/7
  3681 | D:5      | Noticed Blork the orc
  3684 | D:5      | Killed Blork the orc
  3805 | D:5      | Noticed Menkaure
  3813 | D:5      | Killed Menkaure
  4447 | D:6      | Noticed Maggie
  4455 | D:6      | Killed Maggie
  4456 | D:6      | Reached XP level 9. HP: 81/81 MP: 8/8
  4712 | D:6      | Noticed Prince Ribbit
  4749 | D:6      | Killed Prince Ribbit
  5650 | D:6      | Noticed Eustachio
  5681 | D:6      | Killed Eustachio
  6338 | D:7      | Noticed Duvessa
  6338 | D:7      | Noticed Dowan
  6348 | D:7      | Killed Duvessa
  6352 | D:7      | Killed Dowan
  6625 | D:7      | Noticed Harold
  6643 | D:7      | Slain by Harold

Illustrated notes

Levels and vault maps discovered:
D:1:      dpeg_arrival_another_circle, layout_basic, basic_ecumenical_altar,
          chequers_serial_rivers_large_b
D:2:      layout_basic
D:3:      layout_rooms, mainiacjoe_overflow_two_lobes
D:4:      layout_gridville, minmay_temple_entry_statues_pillars
D:5:      kennysheep_slugbush, layout_basic, uniq_blork_the_orc, uniq_menkaure
D:6:      layout_layer_cave, uniq_eustachio, uniq_maggie, uniq_prince_ribbit1
D:7:      layout_basic, gammafunk_ghost_cemetery, grunt_decor_junction,
          minivault_24, uniq_harold, uniq_duvessa

Skill      XL: |  1  2  3  4  5  6  7  8  9 |
---------------+----------------------------+-----
Fighting       | 4 5 6 8 9 |  9.2
Axes           | 4 5 6 8 9 |  9.2
Armour         | 3 4 5 6 7 8 |  8.8
Dodging        | 3 4 5 7 8 |  8.1

Action                   |  1- 3 |  4- 6 |  7- 9 || total
-------------------------+-------+-------+-------++-------
Melee: Hand axe          |    69 |    49 |       ||   118
       Headbutt          |    12 |     8 |    43 ||    63
       War axe           |       |    38 |   207 ||   245
Invok: Berserk           |       |     3 |     4 ||     7
 Stab: Sleeping          |     1 |       |       ||     1
Armor: Animal skin       |     8 |       |       ||     8
       Scale mail        |    13 |    16 |    33 ||    62
       Chain mail        |       |       |    63 ||    63
Dodge: Dodged            |    56 |    95 |   175 ||   326
